 Dungeon Crawl Stone Soup version 0.30.0-10-gfe55d96785 (webtiles) character file.

Game seed: 4146283832922432914

4553 qw the Cleaver (level 10, -5/64 HPs)
             Began as a Gargoyle Cinder Acolyte on May 16, 2023.
             Was an Initiate of Ignis.
             Slain by a yak (12 damage)
             ... on level 9 of the Dungeon.
             The game lasted 00:12:04 (8970 turns).

qw the Cleaver (Gargoyle Cinder Acolyte)            Turns: 8970, Time: 00:12:04

Health: -5/64      AC: 27    Str: 22    XL:     10   Next: 40%
Magic:  11/11      EV:  7    Int: 15    God:    Ignis [......]
Gold:   540        SH:  0    Dex: 11    Spells: 11/11 levels left

rFire   + . .        Y - +0 war axe
rCold   . . .        (no shield)
rNeg    + . .        i - +0 plate armour
rPois   inf          (no helmet)
rElec   +            a - +0 cloak
rCorr   .            g - +2 pair of gloves
SInv    .            l - +1 pair of boots
Will    .....        (no amulet) Stlth
                     f - +6 ring of dexterity
HPRegen 0.30/turn    (no ring)
MPRegen 0.12/turn

%: no passive effects
@: no status effects
A: sickness immunity, AC +7, negative energy resistance 1, electricity
resistance, torment resistance 1, petrification resistance
a: Renounce Religion, Rising Flame


You were on level 9 of the Dungeon.
You worshipped Ignis.
Ignis was noncommittal.
You visited 1 branch of the dungeon, and saw 9 of its levels.

You collected 540 gold pieces.


Innate Abilities, Weirdness & Mutations

You are immune to sickness and miasma.
Your stone body is resilient. (AC +7)
You are immune to poison.
You resist negative energy. (rN+)
You are resistant to electric shocks. (rElec)
You are resistant to unholy torment.
You are immune to petrification.


   Skills:
 - Level 8.0 Fighting
 - Level 10.1 Axes
 - Level 3.2 Throwing
 + Level 7.1 Armour
 - Level 2.1 Dodging
 - Level 1.0 Spellcasting
 - Level 3.0 Fire Magic


You had 11 spell levels left.
You didn't know any spells.
Your spell library contained the following spells:

 Spells                   Type           Power      Damage    Failure   Level
 Scorch                   Fire           18%        2d5       87%         2

Inventory:

Hand Weapons
 m - a +0 flail
 Y - a +0 war axe (weapon)
Missiles
 h - 4 boomerangs
 q - 2 javelins (quivered)
Armour
 a - a +0 cloak (worn)
 g - a +2 pair of gloves (worn)
 i - a +0 plate armour (worn)
 l - a +1 pair of boots (worn)
Jewellery
 f - a +6 ring of dexterity (left hand)
Scrolls
 k - a scroll of identify
Potions
 b - a potion of haste
 c - a potion of cancellation
 e - 3 potions of curing
 j - a potion of invisibility {unknown}
 n - a potion of might {unknown}

Dungeon Overview and Level Annotations

Branches:
Dungeon (9/15)
 Temple: D:4-7         Lair: D:8-11         Orc: D:9-12

Altars:
Ashenzari
Gozag
Uskayaw
Yredelemnul
The Shining One

Shops:
D:6 :

Annotations:
D:4 2 transporters, qw's ghost, amateur GrCA
D:7 Joseph


Message History

The yak gores you but does no damage. The yak gores you!
8965 ||| Propagating distance map at -3,10 (stone_stairs_up_i)
8965 ||| Propagating distance map at 2,7 (stone_stairs_up_iii)
You hit the yak.
The yak is heavily wounded.
You barely miss the yak. You hit the yak but do no damage.
The yak barely misses you. The yak gores you but does no damage.
The yak barely misses you.
8966 ||| Propagating distance map at -3,10 (stone_stairs_up_i)
8966 ||| Propagating distance map at 2,7 (stone_stairs_up_iii)
You slash the yak!
The yak is almost dead.
You hit the yak. x2
The yak gores you but does no damage. x2; The yak completely misses you.
8967 ||| Propagating distance map at -3,10 (stone_stairs_up_i)
8967 ||| Propagating distance map at 2,7 (stone_stairs_up_iii)
You barely miss the yak.
The yak is almost dead.
You hit the yak but do no damage. You slash the yak! The yak gores you!
The yak barely misses you. The yak gores you!
8968 ||| Propagating distance map at -3,10 (stone_stairs_up_i)
8968 ||| Propagating distance map at 2,7 (stone_stairs_up_iii)
You slice the yak!!
You kill the yak!
You hit the yak. x2
The yak gores you but does no damage. x2
Your Armour skill increases to level 7!
8969 ||| Propagating distance map at -3,10 (stone_stairs_up_i)
8969 ||| Propagating distance map at 2,7 (stone_stairs_up_iii)
You hit the yak.
The yak is severely wounded.
You hit the yak.
The yak gores you but does no damage. x2
8970 ||| Propagating distance map at -3,10 (stone_stairs_up_i)
8970 ||| Propagating distance map at 2,7 (stone_stairs_up_iii)
You hit the yak.
The yak is almost dead.
You hit the yak but do no damage. The yak gores you!
You die...

#...(....#
#....>...#
#........#
#........#
#........#
#........#
#.$...YY%####
#####@....#
#.....###.#
#.##...#
#.###........
#.# #........
#.# #.....###
#.# ##....#
#.## [<....
#.[# [.=..##


You could see 2 yaks.

Vanquished Creatures
  Maurice (D:8)
  Grinder (D:5)
  A wyvern (D:9)
  9 yaks
  Menkaure (D:5)
  Duvessa (D:7)
  An ice beast (D:6)
  4 ogres
  2 orc warriors
  A sky beast (D:6)
  2 centaurs
  2 bullfrogs
  2 scorpions (D:6)
  7 wights
  Dowan (D:7)
  A howler monkey (D:8)
  5 hounds
  2 orc priests (D:3)
  3 jellies
  5 orc wizards
  2 iguanas
  3 sleepcaps (D:5)
  A gnoll (D:1)
  7 adders
  A river rat (D:6)
  A shadow imp (D:7)
  3 ufetubi
  2 worms
  4 dart slugs
  30 orcs
  11 ball pythons
  5 bats
  8 endoplasms
  4 giant cockroaches
  7 goblins
  4 hobgoblins
  5 jackals (D:2)
  7 kobolds
  3 quokkas
  4 frilled lizards
  16 rats
180 creatures vanquished.

Notes
Turn   | Place    | Note
-------+----------+-------------------------------------------
     0 | D:1      | qw the Gargoyle Cinder Acolyte began the quest for the Orb.
     0 | D:1      | Reached XP level 1. HP: 14/14 MP: 2/2
     0 | D:1      | 0 ||| qw: Version: 0.2-a-94-g0ecc84f
     0 | D:1      | 0 ||| qw: Game counter: 55
     0 | D:1      | 0 ||| qw: Always use a shield: true
     0 | D:1      | 0 ||| qw: God list: Okawaru
     0 | D:1      | 0 ||| qw: Allow faded altars: false
     0 | D:1      | 0 ||| qw: Do Orc after D:15 true
     0 | D:1      | 0 ||| qw: Do second Lair branch before Depths: true
     0 | D:1      | 0 ||| qw: Lair rune preference: random
     0 | D:1      | 0 ||| qw: Plans: Normal
     0 | D:1      | 0 ||| PLANNING D:1-11
    19 | D:1      | 19 ||| Stepping ~*~*~tactically~*~*~ (hiding).
    63 | D:1      | Reached skill level 3 in Axes
   120 | D:1      | Reached XP level 2. HP: 17/19 MP: 3/3
   362 | D:1      | Reached XP level 3. HP: 23/23 MP: 4/4
   388 | D:1      | 388 ||| Stepping ~*~*~tactically~*~*~ (stealth).
   497 | D:1      | 497 ||| INVOKING Fiery Armour.
   499 | D:1      | Reached skill level 4 in Axes
   852 | D:1      | 852 ||| UPGRADING to +0 chain mail.
   862 | D:1      | 862 ||| DROPPING +0 robe.
   863 | D:1      | 863 ||| UPGRADING to +0 pair of gloves.
   868 | D:1      | 868 ||| READING scroll labelled VAVAUKKOGU.
   869 | D:1      | 869 ||| READING scroll labelled ESAASO ZIGO.
   918 | D:2      | Reached skill level 1 in Armour
   937 | D:2      | Reached XP level 4. HP: 28/28 MP: 5/5
  1005 | D:2      | 1005 ||| Stepping ~*~*~tactically~*~*~ (stealth).
  1041 | D:2      | 1041 ||| Stepping ~*~*~tactically~*~*~ (stealth).
  1205 | D:2      | 1205 ||| INVOKING Fiery Armour.
  1768 | D:2      | 1768 ||| READING scroll labelled YMOPLE WE ACORGH.
  1769 | D:2      | 1769 ||| READING scroll labelled ZUZYCUS NEJOU.
  1770 | D:2      | 1770 ||| READING 2 scrolls labelled LYPRU JUFOSH.
  1771 | D:2      | 1771 ||| READING 2 scrolls labelled VYMOLA XEDUOL.
  1772 | D:2      | 1772 ||| READING scroll of enchant armour.
  1772 | D:2      | 1772 ||| ENCHANTING +0 pair of gloves.
  1773 | D:2      | 1773 ||| READING scroll labelled TIMECLU HAOPI.
  1774 | D:2      | 1774 ||| READING scroll labelled UZERUETSON.
  1775 | D:2      | 1775 ||| DROPPING scroll of vulnerability.
  1943 | D:3      | Reached XP level 5. HP: 32/32 MP: 6/6
  1949 | D:3      | 1949 ||| Stepping ~*~*~tactically~*~*~ (stealth).
  1950 | D:3      | 1950 ||| Stepping ~*~*~tactically~*~*~ (stealth).
  2058 | D:3      | Found an opulent altar of Gozag.
  2096 | D:3      | 2096 ||| Stepping ~*~*~tactically~*~*~ (stealth).
  2097 | D:3      | 2097 ||| Stepping ~*~*~tactically~*~*~ (stealth).
  2250 | D:3      | Found a glowing golden altar of the Shining One.
  2353 | D:3      | 2353 ||| INVOKING Fiery Armour.
  2359 | D:3      | Reached skill level 5 in Axes
  2388 | D:3      | 2388 ||| Stepping ~*~*~tactically~*~*~ (stealth).
  2395 | D:3      | 2395 ||| Stepping ~*~*~tactically~*~*~ (stealth).
  2396 | D:3      | 2396 ||| Stepping ~*~*~tactically~*~*~ (stealth).
  2623 | D:3      | 2623 ||| DROPPING ring of wizardry.
  2624 | D:3      | 2624 ||| READING scroll labelled FUETEN SUVAMNEA.
  2625 | D:3      | 2625 ||| READING 2 scrolls labelled ZOACVEJ CIWAA.
  2629 | D:3      | 2629 ||| READING scroll labelled ZALLIEVUTU.
  2651 | D:3      | 2651 ||| READING scroll labelled AGRUMU HUZAPNI.
  2652 | D:3      | 2652 ||| DRINKING 2 bubbling grey potions.
  2653 | D:3      | 2653 ||| DRINKING 2 metallic sapphire potions.
  2758 | D:3      | 2758 ||| DROPPING potion of berserk rage.
  2802 | D:4      | Found a basalt altar of Yredelemnul.
  2906 | D:4      | 2906 ||| Stepping ~*~*~tactically~*~*~ (stealth).
  2907 | D:4      | 2907 ||| Stepping ~*~*~tactically~*~*~ (stealth).
  2908 | D:4      | 2908 ||| Stepping ~*~*~tactically~*~*~ (stealth).
  2924 | D:4      | Found a transporter.
  2924 | D:4      | Noticed qw's ghost (amateur GrCA)
  3055 | D:4      | Reached XP level 6. HP: 35/38 MP: 7/7
  3091 | D:4      | Found a transporter.
  3122 | D:4      | 3122 ||| Stepping ~*~*~tactically~*~*~ (hiding).
  3273 | D:4      | 3273 ||| INVOKING Fiery Armour.
  3484 | D:4      | Reached skill level 6 in Axes
  3484 | D:4      | Reached XP level 7. HP: 26/43 MP: 8/8
  4102 | D:4      | 4102 ||| DRINKING 3 grey potions.
  4103 | D:4      | 4103 ||| READING 2 scrolls of identify.
  4103 | D:4      | 4103 ||| IDENTIFYING purple potion
  4104 | D:4      | 4104 ||| DROPPING potion of lignification.
  4124 | D:5      | Entered Level 5 of the Dungeon
  4129 | D:5      | 4129 ||| STAIRDANCE
  4192 | D:5      | Noticed Menkaure
  4203 | D:5      | Killed Menkaure
  4204 | D:5      | Reached skill level 3 in Armour
  4512 | D:5      | 4512 ||| INVOKING Fiery Armour.
  4514 | D:5      | Reached skill level 7 in Axes
  4648 | D:5      | 4648 ||| Stepping ~*~*~tactically~*~*~ (stealth).
  4656 | D:5      | 4656 ||| INVOKING Fiery Armour.
  4656 | D:5      | HP: 2/43 [ogre/+0 giant club (11)]
  4657 | D:5      | 4657 ||| READING scroll of teleportation.
  4658 | D:5      | 4658 ||| DRINKING potion of heal wounds.
  4789 | D:5      | Noticed Grinder
  4790 | D:5      | 4790 ||| Stepping ~*~*~tactically~*~*~ (stealth).
  4791 | D:5      | 4791 ||| Stepping ~*~*~tactically~*~*~ (stealth).
  4792 | D:5      | 4792 ||| Stepping ~*~*~tactically~*~*~ (hiding).
  4798 | D:5      | 4798 ||| Stepping ~*~*~tactically~*~*~ (hiding).
  4835 | D:5      | 4835 ||| Stepping ~*~*~tactically~*~*~ (stealth).
  4840 | D:5      | Reached XP level 8. HP: 49/49 MP: 9/9
  4841 | D:5      | 4841 ||| Stepping ~*~*~tactically~*~*~ (hiding).
  4843 | D:5      | 4843 ||| Stepping ~*~*~tactically~*~*~ (hiding).
  4861 | D:5      | Killed Grinder
  4864 | D:5      | 4864 ||| DROPPING +0 club.
  4867 | D:5      | Found a broken altar of Ashenzari.
  4871 | D:5      | Saw a vision of the Shoals and the Snake Pit.
  4871 | D:5      | Noticed a merfolk
  4871 | D:5      | Noticed a skyshark
  4871 | D:5      | Noticed a manticore
  4871 | D:5      | Noticed a water elemental
  4871 | D:5      | Noticed a snapping turtle
  4871 | D:5      | Noticed a naga warrior
  4871 | D:5      | Noticed a naga sharpshooter
  4871 | D:5      | Noticed a black mamba
  4871 | D:5      | Noticed a naga ritualist
  4871 | D:5      | Noticed a black mamba
  4872 | D:5      | Noticed a merfolk impaler
  4872 | D:5      | Noticed a naga mage
  4873 | D:5      | Noticed a harpy
  5009 | D:5      | 5009 ||| INVOKING Fiery Armour.
  5011 | D:5      | Reached skill level 8 in Axes
  5100 | D:5      | 5100 ||| READING scroll of enchant weapon.
  5100 | D:5      | 5100 ||| ENCHANTING +0 hand axe of electrocution.
  5205 | D:5      | 5205 ||| READING scroll of enchant armour.
  5205 | D:5      | 5205 ||| ENCHANTING +1 pair of gloves.
  5306 | D:5      | 5306 ||| DROPPING +0 whip.
  5450 | D:5      | Reached skill level 1 in Throwing
  5485 | D:5      | 5485 ||| UPGRADING to +0 pair of boots.
  5490 | D:5      | 5490 ||| UPGRADING to +6 ring of dexterity.
  5491 | D:5      | 5491 ||| DROPPING ring of flight.
  5492 | D:5      | 5492 ||| READING 4 scrolls of identify.
  5492 | D:5      | 5492 ||| IDENTIFYING coppery potion
  5493 | D:5      | 5493 ||| READING 3 scrolls of identify.
  5493 | D:5      | 5493 ||| IDENTIFYING lumpy clear potion
  5494 | D:5      | 5494 ||| READING 2 scrolls of identify.
  5494 | D:5      | 5494 ||| IDENTIFYING bubbling dark potion
  5495 | D:5      | 5495 ||| DROPPING potion of ambrosia.
  5516 | D:6      | 5516 ||| PLANNING SEWER
  5524 | D:6      | Reached skill level 1 in Dodging
  5559 | D:6      | 5559 ||| Stepping ~*~*~tactically~*~*~ (hiding).
  5824 | D:6      | Reached skill level 6 in Fighting
  5903 | D:6      | Found Ofuusoo's Book Shoppe.
  6006 | D:6      | Reached XP level 9. HP: 53/55 MP: 10/10
  6013 | D:6      | 6013 ||| READING scroll of enchant weapon.
  6013 | D:6      | 6013 ||| ENCHANTING +1 hand axe of electrocution.
  6139 | D:6      | 6139 ||| RIP SEWER
  6182 | D:6      | 6182 ||| PLANNING D:1-11
  6211 | D:6      | 6211 ||| Stepping ~*~*~tactically~*~*~ (water).
  6434 | D:6      | 6434 ||| READING 2 scrolls of identify.
  6434 | D:6      | 6434 ||| IDENTIFYING red potion
  6435 | D:6      | 6435 ||| DROPPING potion of flight.
  6546 | D:7      | 6546 ||| SWAPPING to +0 war axe.
  6547 | D:7      | 6547 ||| DROPPING +2 hand axe of electrocution.
  6550 | D:7      | 6550 ||| Stepping ~*~*~tactically~*~*~ (hiding).
  6635 | D:7      | 6635 ||| Stepping ~*~*~tactically~*~*~ (hiding).
  6649 | D:7      | Reached skill level 9 in Axes
  6668 | D:7      | 6668 ||| INVOKING Fiery Armour.
  7003 | D:7      | 7003 ||| READING scroll labelled NUIHOSH CEULL.
  7004 | D:7      | 7004 ||| READING scroll labelled XIJOEW UNACZO.
  7110 | D:7      | Noticed Duvessa
  7112 | D:7      | Noticed Dowan
  7113 | D:7      | 7113 ||| INVOKING Fiery Armour.
  7121 | D:7      | Killed Duvessa
  7124 | D:7      | Killed Dowan
  7288 | D:7      | Noticed Joseph
  7292 | D:7      | 7292 ||| INVOKING Fiery Armour.
  7294 | D:7      | HP: 6/57 [Joseph/sling bullet (9)]
  7295 | D:7      | 7295 ||| READING scroll of teleportation.
  7296 | D:7      | 7296 ||| DRINKING potion of heal wounds.
  7427 | D:7      | 7427 ||| DROPPING orb of wrath.
  7469 | D:8      | Found a hide-covered altar of Uskayaw.
  7469 | D:8      | Noticed a +0 hand axe
  7469 | D:8      | Noticed a +3 dagger
  7718 | D:8      | Noticed Maurice
  7737 | D:8      | Killed Maurice
  7811 | D:8      | 7811 ||| Stepping ~*~*~tactically~*~*~ (stealth).
  7812 | D:8      | 7812 ||| Stepping ~*~*~tactically~*~*~ (stealth).
  7951 | D:8      | Reached skill level 10 in Axes
  8025 | D:8      | 8025 ||| Stepping ~*~*~tactically~*~*~ (stealth).
  8043 | D:8      | 8043 ||| INVOKING Fiery Armour.
  8044 | D:8      | Reached XP level 10. HP: 24/63 MP: 11/11
  8051 | D:8      | HP: 9/64 [yak (12)]
  8053 | D:8      | Reached skill level 3 in Throwing
  8056 | D:8      | HP: 10/64 [yak (1)]
  8287 | D:8      | 8287 ||| READING scroll of enchant armour.
  8287 | D:8      | 8287 ||| ENCHANTING +0 pair of boots.
  8360 | D:8      | Identified the +1 leather armour of the Bouncing Orbs
                  | {Str+3}
  8361 | D:8      | 8361 ||| Stepping ~*~*~tactically~*~*~ (stealth).
  8365 | D:8      | 8365 ||| UPGRADING to +0 cloak.
  8371 | D:8      | 8371 ||| DRINKING 5 potions of curing.
  8371 | D:8      | 8371 ||| (to cure confusion)
  8381 | D:8      | 8381 ||| DRINKING 4 potions of curing.
  8381 | D:8      | 8381 ||| (to cure confusion)
  8389 | D:8      | HP: 16/64 [orc warrior/+2 vampiric halberd (15)]
  8418 | D:8      | 8418 ||| Stepping ~*~*~tactically~*~*~ (hiding).
  8420 | D:8      | 8420 ||| INVOKING Fiery Armour.
  8422 | D:8      | HP: 15/64 [orc warrior/+2 vampiric halberd (11)]
  8430 | D:8      | HP: 9/64 [orc wizard/+0 dagger (2)]
  8644 | D:8      | 8644 ||| UPGRADING to +0 plate armour.
  8654 | D:8      | 8654 ||| DROPPING +0 chain mail.
  8824 | D:8      | 8824 ||| PLANNING D:1-11
  8824 | D:8      | 8824 ||| PLANNING D:1-11
  8824 | D:8      | 8824 ||| PLANNING D:1-11
  8824 | D:8      | 8824 ||| PLANNING D:1-11
  8824 | D:8      | 8824 ||| PLANNING D:1-11
  8824 | D:8      | 8824 ||| PLANNING D:1-11
  8949 | D:9      | 8949 ||| Stepping ~*~*~tactically~*~*~ (stealth).
  8960 | D:9      | Reached skill level 6 in Armour
  8967 | D:9      | HP: 15/64 [yak (10)]
  8967 | D:9      | HP: 7/64 [yak (8)]
  8970 | D:9      | Slain by a yak

Levels and vault maps discovered:
D:1:      dpeg_arrival_arbitrary_c, layout_basic
D:2:      layout_loops_ring, dk_noncrumbling_2, minmay_pentomino_w4
D:3:      layout_loops_ring, tso_altar, nicolae_gozag_seed_capital
D:4:      layout_layer_cave, mainiacjoe_overflow_alcove_4,
          gammafunk_ghost_mausoleum, serial_bayou_pond_b
D:5:      layout_cave_pods, grunt_ashenzari_visionary
          [grunt_ashenzari_visionary_shoals, grunt_ashenzari_visionary_snake],
          st_stairs_10, uniq_grinder, uniq_menkaure
D:6:      layout_loops_cross, serial_shops, shop, portal_sewer_entry_e
D:7:      layout_basic, trog_book, lemuel_temple_firewalk_b, uniq_duvessa,
          uniq_joseph
D:8:      layout_gridville, dancing_weapons_uskayaw, uniq_maurice
D:9:      layout_rooms, fedhas_altar_3, lair_entry_dummy, grunt_ministairs_3,
          uniq_maggie

Skill      XL: |  1  2  3  4  5  6  7  8  9 10 |
---------------+-------------------------------+-----
Axes           | 3 4 5 6 7 8 10 | 10.1
Armour         | 1 2 3 4 5 7 |  7.1
Fighting       | 4 5 6 7 8 |  8.0
Throwing       | 1 2 3 |  3.2
Dodging        | 1 2 |  2.1
Spellcasting   | |  1.0
Fire Magic     | |  3.0

Action                     |  1- 3 |  4- 6 |  7- 9 | 10-12 || total
---------------------------+-------+-------+-------+-------++-------
  Melee: Hand axe          |    97 |   169 |   170 |       ||   436
         Punch             |       |       |     6 |     1 ||     7
         War axe           |       |       |    99 |    56 ||   155
  Throw: Boomerang         |       |    29 |    38 |       ||    67
         Javelin           |       |       |    21 |     3 ||    24
 Invoke: Fiery Armour      |     1 |     3 |     7 |     1 ||    12
    Use: Scroll            |     2 |    11 |    12 |     1 ||    26
         Potion            |       |     2 |     3 |     2 ||     7
 Armour: Robe              |    29 |       |       |       ||    29
         Chain mail        |    11 |    84 |   148 |    26 ||   269
         Plate armour      |       |       |       |    31 ||    31
  Dodge: Dodged            |    34 |    79 |    94 |    26 ||   233

Table legend:
 A = Non-vault XP
 B = Vault XP
 C = Vault XP percentage of total XP
 D = Non-vault monster count
 E = Vault monster count
 F = Vault count percentage of total count
                 A         B        C        D         E       F
            +---------+---------+-------+---------+---------+-------
      Total |    5103 |    1402 |  21.6 |     155 |      25 |  13.9
            +---------+---------+-------+---------+---------+-------
        D:1 |      61 |       0 |   0.0 |      27 |       0 |   0.0
        D:2 |      86 |      14 |  14.0 |      24 |       7 |  22.6
        D:3 |     123 |       0 |   0.0 |      21 |       0 |   0.0
        D:4 |     262 |     120 |  31.4 |      12 |       2 |  14.3
        D:5 |     474 |     598 |  55.8 |      13 |       5 |  27.8
        D:6 |     818 |      33 |   3.9 |      19 |       8 |  29.6
        D:7 |     658 |     198 |  23.1 |      13 |       2 |  13.3
        D:8 |    1585 |     439 |  21.7 |      21 |       1 |   4.5
        D:9 |    1036 |       0 |   0.0 |       5 |       0 |   0.0
            +---------+---------+-------+---------+---------+-------
